 Dungeon Crawl Stone Soup version 0.32-a0-35-gd9ff480968 (webtiles) character file.

Game seed: 4228224750918853342

616 lunkers the Firebug (level 7, -4/59 HPs)
             Began as an Oni Fire Elementalist on Jan 23, 2024.
             Slain by a sleepcap (5 damage)
             ... on level 4 of the Dungeon.
             The game lasted 00:11:29 (3616 turns).

lunkers the Firebug (Oni Fire Elementalist)         Turns: 3616, Time: 00:11:29

Health: -4/59      AC:  6    Str: 13    XL:     7   Next: 45%
Magic:  4/22       EV:  9    Int: 18    God:
Gold:   226        SH:  0    Dex:  9    Spells: 12/15 levels left

rFire   . . .        a - staff of death
rCold   . . .        (no shield)
rNeg    + . .        i - +0 robe
rPois   .            (helmet restricted)
rElec   .            r - +2 cloak {Stlth+}
rCorr   .            (gloves unavailable)
SInv    .            (boots unavailable)
Will    .....        (no amulet)
Stlth   ++           e - ring of magical power
HPRegen 0.29/turn    (no ring)
MPRegen 0.18/turn

%: no passive effects
@: very slightly contaminated
A: large, unfitting armour, horns 1, tough skin 1, double potion healing,
drunken brawling
a: no special abilities


You were on level 4 of the Dungeon.
You visited 1 branch of the dungeon, and saw 4 of its levels.
You also visited: Sewer.

You collected 226 gold pieces.

Inventory:

Armour
 i - a +0 robe (worn)
 r - a +2 cloak of stealth (worn)
 t - a +0 scale mail of fire resistance
Magical Staves
 a - a staff of death (weapon)
Jewellery
 c - a ring of ice
 e - a ring of magical power (left hand)
Scrolls
 d - a scroll of fog
 g - a scroll of fear {unknown}
 h - 2 scrolls of identify
 j - 2 scrolls of silence {unknown}
 l - a scroll of acquirement {unknown}
 m - a scroll of blinking
Potions
 b - a potion of magic
 f - 2 potions of enlightenment {unknown}
 k - 4 potions of might
 n - a potion of heal wounds {unknown}
 o - 2 potions of mutation
 p - a potion of attraction {unknown}
 q - a potion of resistance {unknown}
 s - 2 potions of invisibility {unknown}


   Skills:
 - Level 1.7 Dodging
 - Level 1.4 Stealth
 + Level 4.5 Spellcasting
 * Level 4.4 Conjurations
 * Level 5.2 Fire Magic


You had 12 spell levels left.
You knew the following spells:

 Your Spells              Type           Power      Damage    Failure   Level
b - Foxfire               Conj/Fire      84%        2x1d8     1%          1
c - Scorch                Fire           46%        2d6       2%          2

Your spell library contained the following spells:

 Spells                   Type           Power      Damage    Failure   Level
 Magic Dart               Conj           76%        1d6       2%          1
 Inner Flame              Hex/Fire       13%        N/A       14%         3
 Volatile Blastmotes      Fire/Tloc      26%        2d12      14%         3
 Flame Wave               Conj/Fire      21%        2d8       19%         4
 Blink                    Tloc           8%         N/A       22%         2
 Call Imp                 Summ           8%         N/A       22%         2
 Ensorcelled Hibernation  Hex/Ice        8%         N/A       22%         2
 Fugue of the Fallen      Necr           6%         N/A       38%         3
 Summon Ice Beast         Ice/Summ       4%         N/A       38%         3
 Anguish                  Hex/Necr       3%         N/A       80%         4
 Summon Mana Viper        Hex/Summ       4%         N/A       98%         5
 Monstrous Menagerie      Summ           2%         N/A       100%        7


Dungeon Overview and Level Annotations

Branches:
Dungeon (4/15)              Sewer (visited)
 Temple: D:4-7

Altars:
Fedhas


Innate Abilities, Weirdness & Mutations

You are too large for most types of armour.
You have a pair of small horns on your head.
You have tough skin. (AC +1)
You gain doubled healing and magic from potions.
Whenever you drink a healing potion, you attack all around you.


Message History

There is not enough space to conjure foxfire!
Unknown command.
Unknown command.
Casting: Foxfire (safe; 1% risk of failure)
Confirm with . or Enter, or press ? or * to list all spells.
Flames lash the sleepcap.
The sleepcap is severely damaged.
The sleepcap's fire resistance burns away.
The foxfire hits the sleepcap.
The sleepcap is burned terribly!
The sleepcap is severely damaged.
The foxfire hits the sleepcap.
The sleepcap is burned terribly!
The sleepcap is almost destroyed.
The sleepcap barely misses you. The sleepcap releases spores at you.
* * * LOW HITPOINT WARNING * * *
You are engulfed in a cloud of soporific spores!
You fall asleep.
The sleepcap releases spores at you.
You wake up.
* * * LOW HITPOINT WARNING * * *
Casting: Scorch (safe; 2% risk of failure)
Confirm with . or Enter, or press ? or * to list all spells.
Flames lash the sleepcap.
The sleepcap is burned terribly!
The sleepcap is almost destroyed.
* * * LOW MAGIC WARNING * * *
The sleepcap barely misses you. The sleepcap releases spores at you.
* * * LOW HITPOINT WARNING * * *
You are engulfed in a cloud of soporific spores!
You are unaffected.
The sleepcap releases spores at you but does no damage.
Unknown command.
Casting: Scorch (safe; 2% risk of failure)
Confirm with . or Enter, or press ? or * to list all spells.
You miscast Scorch.
You are very lightly contaminated with residual magic.
Nothing appears to happen.
* * * LOW MAGIC WARNING * * *
The sleepcap releases spores at you.
* * * LOW HITPOINT WARNING * * *
You are engulfed in a cloud of soporific spores!
You are unaffected.
The sleepcap releases spores at you.
You die...

.... #... ##########
#.#.# #........# #....
##.######.# # #.#.< ...#
#.# .### #.##.#..
...######§### ..(..
...<....
............######...###
#..#...†
...###.##<#.....@f......
...#....
....##.##.#.....ff......
).......
[...##.##.#....##...##..
...#....
....##.##.#.#### ....#
#..#.... .............##
....# ........
###...........# ...##
#######. ####.##....##
..?#### #. #
#.....#..#####.##..# #.
# #..#.......#.# #.#.#
#.


You could see 3 sleepcaps.

Vanquished Creatures
  Sigmund (D:2)
  A crocodile (Sewer)
  A phantom (D:4)
  A scorpion (D:4)
  A hound (D:4)
  Jessica (D:2)
  2 iguanas
  An orc wizard (D:3)
  3 adders
  A ribbon worm (D:3)
  4 dart slugs
  3 orcs (D:3)
  A ball python (D:2)
  8 endoplasms
  7 giant cockroaches
  5 goblins
  4 hobgoblins
  4 jackals (Sewer)
  5 quokkas
  5 bats
  2 frilled lizards
  4 kobolds
  2 rats (D:2)
67 creatures vanquished.

Vanquished Creatures (collateral kills)
  14 foxfires (D:3)
14 creatures vanquished.

Vanquished Creatures (others)
  193 foxfires
193 creatures vanquished.

Grand Total: 274 creatures vanquished

Notes
Turn   | Place    | Note
-------+----------+-------------------------------------------
     0 | D:1      | lunkers the Oni Fire Elementalist began the quest for the
                  | Orb.
     0 | D:1      | Reached XP level 1. HP: 16/16 MP: 3/3
    19 | D:1      | Reached skill level 1 in Conjurations
    94 | D:1      | Found a faded altar of an unknown god.
   156 | D:1      | Reached XP level 2. HP: 24/24 MP: 2/5
   247 | D:1      | Learned a level 2 spell: Scorch
   470 | D:1      | Reached skill level 3 in Fire Magic
   828 | D:2      | Noticed Sigmund
   833 | D:2      | Reached XP level 3. HP: 30/31 MP: 7/7
   846 | D:2      | Killed Sigmund
   847 | D:2      | Reached skill level 4 in Fire Magic
   847 | D:2      | Reached XP level 4. HP: 22/39 MP: 3/9
   847 | D:2      | Reached XP level 5. HP: 26/45 MP: 3/10
  1279 | D:2      | Noticed Jessica
  1282 | D:2      | Killed Jessica
  1283 | D:2      | Reached XP level 6. HP: 53/53 MP: 11/11
  1634 | D:3      | Found a glowing drain.
  1651 | Sewer    | Entered a sewer
  2348 | D:3      | Found a blossoming altar of Fedhas.
  3135 | D:4      | Reached XP level 7. HP: 59/59 MP: 11/13
  3375 | D:4      | Reached skill level 5 in Fire Magic
  3616 | D:4      | HP: 1/59 [sleepcap (6)]
  3616 | D:4      | Slain by a sleepcap

Illustrated notes

Levels and vault maps discovered:
D:1:      saegor_arrival_simple_e, layout_rooms,
          shapermc_ecumenical_altar_flowoftime, chequers_garden,
          hangedman_abyss_or_decor_lesser_grid
D:2:      layout_loops_cross, uniq_sigmund, uniq_jessica
D:3:      wander_river, layout_basic, fedhas_altar_4, gup_sewer_entry_pipe,
          serial_curves, eino_curves_03, eino_curves_03, serial_bayou_lake_a
D:4:      layout_loops_cross, corexii_shack, hellmonk_no_cap

Skill      XL: |  1  2  3  4  5  6  7 |
---------------+----------------------+-----
Conjurations   | 1 3 4 |  4.4
Fire Magic     | 3 4 5 |  5.2
Spellcasting   | 3 4 |  4.5
Dodging        | |  1.7
Stealth        | |  1.4

Action                     |  1- 3 |  4- 6 |  7- 9 || total
---------------------------+-------+-------+-------++-------
  Melee: Unarmed           |    25 |       |       ||    25
         Headbutt          |     6 |       |       ||     6
         Punch             |     1 |       |       ||     1
         Staff             |       |     1 |       ||     1
   Cast: Foxfire           |    42 |    75 |     7 ||   124
         Scorch            |       |    27 |    23 ||    50
    Use: Scroll            |       |     7 |       ||     7
 Armour: Robe              |     6 |     7 |    17 ||    30
  Dodge: Dodged            |     9 |     2 |     9 ||    20

Table legend: (Time is in decaauts)
 A = Elapsed time spent in this place.
 B = Non-inter-level travel time spent in this place.
 C = Inter-level travel time spent in this place.
 D = Time resting spent in this place.
 E = Time spent auto-exploring this place.
 F = Levels seen in this place.
 G = Mean time per level.
                   A        B        C        D        E       F      G
               +--------+--------+--------+--------+--------+-----+--------+
         Total |   3613 |   3548 |     65 |      0 |   3022 |   5 |  722.6 |
       Dungeon |   3318 |   3253 |     65 |      0 |   2790 |   4 |  829.5 |
         Sewer |    295 |    295 |      0 |      0 |    232 |   1 |  295.0 |
               +--------+--------+--------+--------+--------+-----+--------+

Top non-repeatable levels by time:
     D:3: 1219 daAuts
     D:2: 951 daAuts
     D:1: 656 daAuts
     D:4: 490 daAuts
   Sewer: 295 daAuts
